Map: Abyssal Reef LE

Players

Dessa

  • Race: Zerg Zerg
  • League: Diamond
  • Spawn Location: 11:00

Sterfe - Winner!

  • Race: Terran Terran
  • League: Diamond
  • Spawn Location: 5:00

VOD

Have the link to the VOD?

Description

Time

  • Played on: Jan. 14, 2018, 1:38 p.m.
  • Length: 8:00
Show
View Real Time Build Order
Export as new Build Order

Dessa Zerg 

Build Orders: Hatch First 

Get SALT Encoding   

  12  0:00  Drone  
  13  0:13  Overlord  
  13  0:17  Drone  
  14  0:31  Drone  
  14  0:32  Drone  
  16  0:37  Drone  
  17  0:54  Hatchery  
  16  0:59  Drone  
  16  1:01  Extractor  
  16  1:08  Drone  
  17  1:20  Spawning Pool, Drone  
  17  1:30  Drone  
  17  1:32  Overlord  
  18  1:42  Drone  
  19  2:02  Drone  
  19  2:06  Queen x2  
  19  2:07  Zergling x2  
  25  2:09  Zergling x2  
  25  2:12  Drone  
  27  2:19  Drone  
  28  2:23  Metabolic Boost  
  28  2:39  Drone x2, Overlord  
  30  2:45  Queen  
  32  2:52  Drone x2  
  34  3:00  Drone x2  
  36  3:11  Drone x2  
  36  3:12  Overlord  
  38  3:19  Drone x2  
  40  3:21  Drone  
  40  3:23  Baneling Nest  
  40  3:25  Drone  
  40  3:27  Drone  
  42  3:29  Drone  
  43  3:44  Drone x2, Extractor  
  43  3:45  Drone x3, Extractor  
  43  3:47  Overlord  
  46  3:50  Overlord  
  46  3:52  Drone x3  
  50  3:55  Zergling x2  
  50  4:15  Hatchery  
  48  4:34  Lair  
  48  4:36  Drone  
  48  4:37  Extractor  
  48  4:39  Drone, Overlord  
  48  4:42  Drone x4  
  48  4:43  Zergling x6  
  48  4:44  Zergling x4  
  56  5:00  Drone x2, Evolution Chamber  
  56  5:01  Evolution Chamber  
  56  5:15  Drone x4  
  56  5:18  Drone x3  
  63  5:29  Queen  
  63  5:35  Pneumatized Carapace  
  65  5:37  Zerg Ground Armor Level 1, Zerg Melee Weapons Level 1  
  65  5:38  Centrifical Hooks  
  65  5:40  Overlord  
  65  5:41  Overlord  
  65  5:44  Zergling x2  
  65  5:45  Zergling x10  
  65  5:46  Zergling x6  
  74  5:58  Overlord  
  72  6:11  Zergling x6  
  61  6:22  Zergling x6  
  60  6:32  Queen  
  60  6:33  Queen  
  60  6:38  Baneling x2  
  60  6:39  Baneling, Zergling x6  
  68  6:40  Zergling x6  
  68  6:46  Hydralisk Den  
  69  6:54  Drone  
  69  6:55  Drone  
  69  6:57  Hatchery  
  70  7:02  Hatchery  
  63  7:15  Zergling x2  
  63  7:16  Zergling x6  
  63  7:21  Overlord  
  57  7:30  Zergling x4  
  57  7:34  Baneling  
  57  7:35  Baneling x7  
  57  7:36  Zergling x2  
Show
View Real Time Build Order
Export as new Build Order

Sterfe Terran - Winner!

Build Orders: Reaper Expand 

Get SALT Encoding   

  12  0:01  SCV  
  13  0:13  SCV  
  14  0:17  Supply Depot  
  14  0:25  SCV  
  15  0:39  SCV  
  15  0:41  Barracks  
  16  0:48  Refinery  
  16  0:52  SCV  
  17  1:04  SCV  
  18  1:16  SCV  
  19  1:29  Orbital Command  
  19  1:31  Reaper  
  20  1:44  Command Center  
  20  1:58  SCV, Barracks  
  21  2:03  Barracks Reactor  
  21  2:11  SCV  
  21  2:12  Supply Depot  
  22  2:21  Refinery  
  22  2:23  SCV  
  23  2:36  SCV  
  24  2:40  Marine x2  
  26  2:47  Barracks Tech Lab  
  26  2:48  SCV  
  27  2:51  Factory  
  27  2:57  Marine  
  27  2:58  Marine  
  29  2:59  Orbital Command  
  29  3:00  SCV  
  29  3:05  Marine  
  30  3:12  SCV, Stimpack  
  32  3:15  Marine  
  32  3:16  Marine  
  34  3:24  SCV  
  34  3:26  Marine  
  36  3:27  SCV  
  37  3:36  SCV, Starport  
  37  3:40  SCV  
  39  3:42  Marine  
  39  3:43  Factory Reactor  
  39  3:44  Marine  
  41  3:48  SCV  
  41  3:51  Marine  
  41  3:52  Supply Depot  
  41  3:53  SCV  
  44  4:00  Supply Depot  
  44  4:02  SCV  
  45  4:04  Marine  
  45  4:09  Refinery  
  46  4:14  Marine  
  47  4:22  Marine x2  
  48  4:32  SCV x2  
  48  4:33  Barracks  
  48  4:34  Factory Tech Lab  
  48  4:35  Medivac  
  48  4:36  Medivac, Marine  
  55  4:41  Marine  
  55  4:42  Marine  
  55  4:44  SCV x2  
  59  4:49  Supply Depot  
  59  4:52  Supply Depot  
  59  4:53  Supply Depot  
  59  4:54  Siege Tank  
  62  5:07  Engineering Bay  
  62  5:10  SCV x2, Medivac  
  66  5:18  Marine  
  66  5:19  Marine x2  
  69  5:22  SCV x2  
  71  5:29  Siege Tank  
  71  5:32  Command Center  
  71  5:34  SCV  
  75  5:36  Refinery  
  75  5:37  SCV  
  75  5:39  Terran Infantry Weapons Level 1  
  75  5:42  Engineering Bay  
  76  5:51  Marine x2  
  76  5:52  Marine  
  78  6:17  Marine x3  
  78  6:18  Siege Tank  
  83  6:20  Barracks Reactor  
  83  6:36  Marine  
  83  6:37  Marine  
  85  6:42  Armory  
  85  6:46  Marine  
  86  6:49  SCV x2, Medivac, Barracks  
  90  6:54  Marine  
  90  6:55  Planetary Fortress, Marine  
  92  7:01  SCV  
  92  7:04  Marine  
  92  7:07  Marine x2  
  96  7:09  Siege Tank  
  96  7:14  Supply Depot  
  85  7:17  Supply Depot x2  
  85  7:18  Supply Depot  
  82  7:24  Marine x2  
  82  7:25  Marine  
Tags
 
Add a new tag
Caveats
  • Supply blocks, unpowered buildings, or Contaminate may cause inaccurate times.
  • Supply counts are checked every 10 seconds.